 Dungeon Crawl Stone Soup version 0.28-a0-1638-g9123634e07 (webtiles) character file.

Game seed: 2358617566428641038

91 lonewolfV2 the Skirmisher (level 4, 0/24 HPs)
             Began as a Vine Stalker Fighter on Jan 25, 2022.
             Killed by divine providence
             ... invoked by an orc priest
              (11 damage)
             ... on level 3 of the Dungeon.
             The game lasted 00:02:38 (1910 turns).

lonewolfV2 the Skirmisher (Vine Stalker Fighter)    Turns: 1910, Time: 00:02:39

Health: 0/24       AC:  6    Str: 21    XL:     4   Next: 59%
Magic:  0/5        EV:  6    Int:  8    God:
Gold:   63         SH:  4    Dex: 13    Spells: 3/3 levels left

rFire   . . .      SeeInvis .   a - +1 war axe
rCold   . . .      Faith    .   c - +0 buckler
rNeg    . . .      Spirit   +   b - +0 scale mail
rPois   .          Reflect  .   (no helmet)
rElec   .          Harm     .   (no cloak)
rCorr   .          Rampage  .   (no gloves)
Will    .....                   (no boots)
Stlth   ..........              h - amulet of regeneration
HPRegen 1.68/turn               (no ring)
MPRegen 0.09/turn               (no ring)

@: mighty, constricted
A: fangs 2, regeneration 1, magic shield, antimagic bite, no potion heal 2
a: no special abilities


You were on level 3 of the Dungeon.
You visited 1 branch of the dungeon, and saw 3 of its levels.

You collected 63 gold pieces.

Inventory:

Hand Weapons
 a - a +1 war axe (weapon)
Armour
 b - a +0 scale mail (worn)
 c - a +0 buckler (worn)
Jewellery
 h - an amulet of regeneration (around neck)
 k - an amulet of the acrobat
 p - the amulet "Plog" {RegenMP rElec Int+5}
   (You found it on level 2 of the Dungeon)

   [amulet of magic regeneration]

   It increases your rate of magic regeneration.
   Int:       It affects your intelligence (+5).
   rElec:     It insulates you from electricity.
Scrolls
 i - a scroll of fog
 l - a scroll of identify
 m - a scroll of fear
Potions
 e - a potion of curing {unknown}
 f - 4 potions of heal wounds
 j - a potion of haste {unknown}
 n - a potion of magic {unknown}
 o - a potion of degeneration {unknown}


   Skills:
 + Level 3.2 Fighting
 + Level 2.7 Axes
 + Level 3.1 Armour
 + Level 0.3 Dodging
 + Level 2.9 Shields


You had 3 spell levels left.
You didn't know any spells.
Your spell library contained the following spells:

 Spells                   Type           Power      Damage    Failure   Level
 Magic Dart               Conj           0%         1d3       83%         1
 Call Imp                 Summ           0%         N/A       93%         2
 Mephitic Cloud           Conj/Pois/Air  0%         N/A       99%         3


Dungeon Overview and Level Annotations

Branches:
Dungeon (3/15)

Altars:

Shops:
D:3 !


Innate Abilities, Weirdness & Mutations

You have extremely sharp teeth.
Your natural rate of healing is unusually fast.
When hurt, damage is shared between your health and your magic reserves.
Your bite disrupts and absorbs the magic of your enemies.
Potions cannot restore your health.


Message History

As you read the scroll labelled CEIMEXK RIED, it crumbles to dust.
You feel aware of your surroundings.
It was a scroll of magic mapping.
As you read the scroll labelled LIQIECL FECAI, it crumbles to dust.
It is a scroll of enchant weapon.
Your +0 war axe glows red for a moment.
An orc priest and an orc come into view.
There are monsters nearby!
There are monsters nearby!
An orc and a rat come into view.
The orc shouts!
A ball python comes into view.
An orc priest comes into view. It is wielding a +0 dagger.
The orc priest shouts!
The orc hits you with a +0 dagger.
You closely miss the orc.
The orc priest mumbles some strange prayers to Beogh against you.
Beogh smites you! The orc completely misses you.
You hit the orc.
The orc is moderately wounded.
The orc priest mumbles some strange prayers to Beogh against you.
Beogh smites you!
Ouch! That really hurt!
* * * LOW HITPOINT WARNING * * *
The orc misses you. You block the orc's attack.
You feel very mighty all of a sudden. You block the orc's attack.
You hit the orc.
You kill the orc!
The orc hits you with a +0 short sword.
* * * LOW HITPOINT WARNING * * *
You hit the orc. Your bite misses the orc.
The orc is heavily wounded.
You block the orc's attack.
You completely miss the orc. You bite the orc.
You kill the orc!
The ball python bites you but does no damage.
The ball python grabs you. The ball python constricts you.
The orc priest invokes the aid of Beogh against you.
Beogh smites you!
You die...

*,* *,* *,***************
*,**,,,,,,,,,,,,,
################*,#*,###*********
...)#..........##.,,....,,,,*
...†.............>,.....,,,,*
...†#..........###......,,,,*
....#...........@Sr.....,,,,*
....#...........##o.....,,,,*
#####...........#*,.....,,,,*
####...........#*,,....,,,,*
#.∩............#*,,,...,,,,*
#.........####.#*****##*****
#.........# #.#
#.........#**#+#** *************
##...#.#####,,,,,,* *,,,,,,,,,,,*


You could see an orc priest, a ball python and a rat.

Vanquished Creatures
  Robin (D:2)
  2 adders (D:2)
  3 orcs (D:3)
  3 ball pythons
  3 bats (D:2)
  3 endoplasms
  3 giant cockroaches
  3 hobgoblins (D:2)
  8 jackals
  2 kobolds (D:1)
  3 quokkas
  8 frilled lizards
  10 goblins (D:2)
  4 rats
56 creatures vanquished.

Notes
Turn   | Place    | Note
-------+----------+-------------------------------------------
     0 | D:1      | lonewolfV2 the Vine Stalker Fighter began the quest for the
                  | Orb.
     0 | D:1      | Reached XP level 1. HP: 11/11 MP: 2/2
   210 | D:1      | Reached XP level 2. HP: 8/16 MP: 3/3
   815 | D:1      | Reached XP level 3. HP: 20/20 MP: 4/4
  1364 | D:2      | Found a faded altar of an unknown god.
  1580 | D:2      | Noticed Robin
  1587 | D:2      | Gained mutation: Your natural rate of healing is unusually
                  | fast. [Vine Stalker growth]
  1587 | D:2      | Reached XP level 4. HP: 21/24 MP: 3/5
  1594 | D:2      | Killed Robin
  1732 | D:2      | Identified the amulet "Plog" {RegenMP rElec Int+5}
  1846 | D:3      | Found Gihymath's Distillery.
  1910 | D:3      | Killed from afar by an orc priest

Illustrated notes

Levels and vault maps discovered:
D:1:      minmay_arrival_floating_metal, layout_loops_corners
D:2:      layout_loops_cross, basic_ecumenical_altar, uniq_robin
D:3:      layout_basic, serial_shops, shop

Skill      XL: |  1  2  3 |
---------------+----------+-----
Fighting       | 3 |  3.2
Axes           | 2 |  2.7
Armour         | 3 |  3.1
Dodging        | |  0.3
Shields        | |  2.9

Action                   |  1- 3 |  4- 6 || total
-------------------------+-------+-------++-------
Melee: War axe           |    76 |    26 ||   102
       Bite              |    14 |     7 ||    21
  Use: Scroll            |     4 |     2 ||     6
       Potion            |       |     1 ||     1
Armor: Scale mail        |    39 |    20 ||    59
Dodge: Dodged            |    42 |    17 ||    59
Block: Buckler           |    20 |    13 ||    33

Table legend: (Time is in decaauts)
 A = Elapsed time spent in this place.
 B = Non-inter-level travel time spent in this place.
 C = Inter-level travel time spent in this place.
 D = Time resting spent in this place.
 E = Time spent auto-exploring this place.
 F = Levels seen in this place.
 G = Mean time per level.
                   A        B        C        D        E       F      G
               +--------+--------+--------+--------+--------+-----+--------+
         Total |   1973 |   1928 |     45 |      0 |   1524 |   3 |  657.7 |
       Dungeon |   1973 |   1928 |     45 |      0 |   1524 |   3 |  657.7 |
               +--------+--------+--------+--------+--------+-----+--------+

Top non-repeatable levels by time:
     D:1: 1253 daAuts
     D:2: 600 daAuts
     D:3: 119 daAuts
